 Dungeon Crawl Stone Soup version 0.28.0-62-gf88900778d (webtiles) character file.

Game seed: 14199108758615796733

76 mopl the Bolt Thrower (level 4, 0/39 HPs)
             Began as a Hill Orc Hunter on Dec 20, 2023.
             Slain by an orc
             ... wielding a +0 dagger
              (3 damage)
             ... on level 3 of the Dungeon.
             The game lasted 00:02:18 (1871 turns).

mopl the Bolt Thrower (Hill Orc Hunter)             Turns: 1871, Time: 00:02:19

Health: 0/39       AC: 13    Str: 16    XL:     4   Next: 32%
Magic:  4/4        EV: 10    Int: 11    God:
Gold:   90         SH:  0    Dex: 11    Spells: 3/3 levels left

rFire   . . .      SeeInvis .   b - +0 mace (protect)
rCold   . . .      Faith    .   (no shield)
rNeg    . . .      Spirit   .   k - +0 ring mail
rPois   .          Reflect  .   (no helmet)
rElec   .          Harm     .   l - +0 cloak
rCorr   .          Rampage  .   (no gloves)
Will    .....                   (no boots)
Stlth   +.........              (no amulet)
HPRegen 0.13/turn               (no ring)
MPRegen 0.09/turn               (no ring)

@: under a protective aura, flying
A: no striking features
a: Convert to Beogh


You were on level 3 of the Dungeon.
You visited 1 branch of the dungeon, and saw 3 of its levels.

You collected 90 gold pieces.

Inventory:

Hand Weapons
 a - a +1 hand crossbow
 b - a +0 mace of protection (weapon)
Missiles
 d - 30 bolts
Armour
 k - a +0 ring mail (worn)
 l - a +0 cloak (worn)
 o - a +0 plate armour
Jewellery
 i - a ring of fire
Scrolls
 e - a scroll of vulnerability {unknown}
 f - 2 scrolls of fog {unknown}
 g - a scroll of enchant weapon {unknown}
 h - 3 scrolls of identify {unknown}
Potions
 c - a potion of flight
 j - a potion of degeneration {unknown}
 m - a potion of curing {unknown}
 n - a potion of heal wounds {unknown}


   Skills:
 + Level 3.6 Fighting
 * Level 4.7 Crossbows
 - Level 1.5 Dodging
 - Level 0.7 Stealth


You had 3 spell levels left.
You didn't know any spells.
Your spell library contained the following spells:

 Spells                   Type           Power      Damage    Failure   Level
 Freeze                   Ice            0%         1d3       56%         1
 Frozen Ramparts          Ice            0%         1d2       90%         3
 Hailstorm                Conj/Ice       0%         3d3       100%        4


Dungeon Overview and Level Annotations

Branches:
Dungeon (3/15)

Altars:

Annotations:
D:3 Sigmund


Message History

Your weapon exudes an aura of protection.
The orc priest threatens, "By the altar or by the axe, you will meet Beogh!"
The orc priest hits you but does no damage.
The orc priest shouts, "Beogh is our master!
Accept the truth or die!"
You hit the orc priest but do no damage.
The orc priest barely misses you. The orc barely misses you.
You hit the orc priest but do no damage.
The orc priest calls down the wrath of Beogh upon you.
Pain shoots through your body! The orc barely misses you.
You are too injured to fight recklessly!
You are too injured to fight recklessly!
You barely miss the orc priest.
The orc priest mumbles some strange prayers to Beogh against you.
Beogh smites you!
* * * LOW HITPOINT WARNING * * *
The orc hits you but does no damage.
You hit the orc priest.
The orc priest is lightly wounded.
The orc closely misses you. The orc priest hits you with a +0 club.
* * * LOW HITPOINT WARNING * * *
The orc priest hits you with a +0 club.
* * * LOW HITPOINT WARNING * * *
The orc hits you with a +0 dagger.
* * * LOW HITPOINT WARNING * * *
It was a potion of flight.
You feel very buoyant.
You fly up into the air.
The orc priest hits you but does no damage.
The orc misses you.
You aren't carrying any items that you can evoke.
The orc priest shouts, "Surrender to Beogh and we'll let you live!"
You hit the orc priest but do no damage.
The orc priest is lightly wounded.
The orc priest hits you but does no damage.
The orc hits you but does no damage.
You hit the orc priest.
The orc priest is moderately wounded.
The orc priest hits you but does no damage.
The orc hits you but does no damage. The orc hits you with a +0 dagger.
You die...

#################
#.............@o#
###.#############o#
.........### #.#
............ #.#
............ #....#
..#.#....... #....#
..#.#.......
#.....o
..#.+.......
+......o.
..#.#...##..
#........


You could see an orc priest and an orc.

Vanquished Creatures
  2 adders (D:2)
  2 dart slugs
  An orc (D:3)
  8 ball pythons
  5 endoplasms
  2 giant cockroaches (D:1)
  3 goblins
  7 hobgoblins
  2 quokkas (D:1)
  10 bats
  A frilled lizard (D:1)
  A kobold (D:2)
  5 rats
49 creatures vanquished.

Notes
Turn   | Place    | Note
-------+----------+-------------------------------------------
     0 | D:1      | mopl the Hill Orc Hunter began the quest for the Orb.
     0 | D:1      | Reached XP level 1. HP: 18/18 MP: 1/1
   138 | D:1      | Reached XP level 2. HP: 17/25 MP: 2/2
   167 | D:1      | Reached skill level 4 in Crossbows
   464 | D:1      | Reached skill level 3 in Fighting
   479 | D:1      | Reached XP level 3. HP: 22/31 MP: 3/3
  1148 | D:2      | Found a faded altar of an unknown god.
  1337 | D:2      | Reached XP level 4. HP: 34/38 MP: 4/4
  1775 | D:3      | Noticed Sigmund
  1871 | D:3      | Slain by an orc

Illustrated notes

Levels and vault maps discovered:
D:1:      enne_arrival_octagon_isle, layout_basic, grunt_decor_mini_mirrors,
          minmay_hedge_maze, minmay_heptomino_d4
D:2:      layout_loops_ring, shapermc_ecumenical_altar_mp_highgroup,
          minmay_increasing_density
D:3:      layout_basic, mainiacjoe_overflow_24_doors, minmay_ogre_servants,
          uniq_pargi, uniq_sigmund

Skill      XL: |  1  2 |
---------------+-------+-----
Crossbows      | 4 |  4.7
Fighting       | 3 |  3.6
Dodging        | |  1.5
Stealth        | |  0.7

Action                   |  1- 3 |  4- 6 || total
-------------------------+-------+-------++-------
Melee: Short sword       |    96 |       ||    96
       Mace              |    44 |    36 ||    80
       Punch             |     2 |     1 ||     3
  Use: Potion            |       |     1 ||     1
Armor: Leather armour    |    37 |       ||    37
       Ring mail         |    48 |    22 ||    70
Dodge: Dodged            |   123 |    21 ||   144
